Map: Jagannatha LE

Players

AGOElazer (Elazer) - Winner!

  • Race: Zerg Zerg
  • League: Grandmaster

PtitDrogo

  • Race: Protoss Protoss
  • League: Grandmaster

Event: DreamHack SC2 Masters 2021 Summer

VOD

Have the link to the VOD?

Description

Time

  • Played on: May 28, 2021, 2:16 p.m.
  • Length: 21:34

All games in this series

Show
View Real Time Build Order
Export as new Build Order

AGOElazer Zerg - Winner!

Build Orders: Hatch First, Lurkers 

Get SALT Encoding   

  12  0:00  Drone  
  13  0:12  Overlord  
  13  0:16  Drone  
  14  0:30  Drone x2  
  16  0:45  Drone  
  17  0:54  Hatchery  
  17  0:55  Drone  
  17  0:58  Drone  
  18  1:09  Extractor  
  17  1:14  Spawning Pool  
  17  1:17  Drone  
  17  1:20  Drone  
  18  1:28  Drone  
  19  1:38  Drone  
  20  1:55  Overlord  
  20  2:03  Queen  
  20  2:06  Drone, Queen  
  20  2:07  Zergling x2  
  26  2:12  Metabolic Boost, Zergling x2  
  27  2:17  Drone  
  28  2:24  Drone  
  28  2:28  Drone  
  30  2:33  Drone  
  31  2:38  Drone  
  31  2:43  Hatchery  
  31  2:47  Queen  
  33  2:53  Overlord  
  33  2:55  Drone  
  34  3:00  Drone  
  34  3:02  Zergling x2  
  36  3:09  Overlord  
  36  3:12  Zergling x2  
  37  3:13  Drone x3  
  37  3:16  Drone x2  
  42  3:31  Drone x2  
  42  3:34  Queen  
  44  3:37  Drone  
  44  3:39  Spore Crawler  
  44  3:41  Queen  
  48  3:43  Zergling x2  
  48  3:45  Zergling x2  
  50  3:51  Drone x2  
  50  3:53  Overlord  
  50  3:55  Drone x2  
  54  4:01  Drone x3  
  58  4:02  Drone  
  58  4:13  Drone x4  
  62  4:21  Drone x5  
  62  4:23  Drone  
  65  4:27  Drone  
  65  4:31  Queen  
  65  4:33  Overlord  
  65  4:36  Drone x3  
  66  4:41  Drone  
  66  4:45  Extractor, Roach Warren  
  66  4:48  Drone x2  
  66  4:52  Drone x4, Spore Crawler  
  69  4:54  Drone  
  69  4:55  Drone  
  69  4:59  Spore Crawler  
  73  5:00  Drone x3  
  73  5:03  Overlord  
  73  5:04  Drone  
  73  5:09  Extractor  
  73  5:10  Extractor  
  73  5:11  Drone x2  
  73  5:13  Lair  
  73  5:18  Overlord  
  69  5:22  Drone x6  
  76  5:28  Drone x4  
  76  5:31  Drone  
  77  5:36  Drone  
  77  5:37  Extractor, Drone x3  
  77  5:38  Extractor  
  77  5:41  Hatchery  
  77  5:42  Drone x2  
  80  5:47  Drone  
  80  5:49  Drone x3, Evolution Chamber  
  83  5:52  Drone  
  83  5:56  Drone  
  85  5:58  Drone, Overlord  
  85  6:00  Drone x2  
  88  6:05  Zergling x2  
  88  6:07  Overlord x2  
  89  6:11  Overseer  
  89  6:12  Glial Reconstitution  
  89  6:15  Zerg Missile Weapons Level 1, Infestation Pit  
  89  6:17  Zergling x16  
  96  6:27  Drone x3  
  99  6:34  Overlord  
  99  6:36  Drone x5  
  104  6:43  Drone x2  
  104  6:45  Overseer  
  106  6:48  Overlord  
  106  6:56  Roach x7  
  106  6:59  Hive  
  106  7:01  Extractor x2, Hydralisk Den  
  117  7:03  Roach  
  117  7:07  Overlord  
  118  7:10  Roach x4  
  126  7:16  Overlord  
  126  7:17  Overlord x2  
  126  7:18  Pneumatized Carapace  
  126  7:22  Spine Crawler, Overlord x3  
  126  7:23  Overlord  
  126  7:26  Roach  
  127  7:33  Overlord  
  127  7:35  Roach x8  
  127  7:36  Overseer  
  143  7:40  Lurker Den  
  143  7:41  Roach x5  
  143  7:42  Ravager x2  
  154  7:44  Spore Crawler  
  154  7:46  Roach x2  
  157  7:54  Roach x5  
  157  7:57  Drone  
  168  7:59  Spine Crawler  
  168  8:05  Roach x5  
  177  8:12  Zerg Missile Weapons Level 2  
  177  8:16  Viper x2  
  183  8:20  Overlord x2  
  182  8:36  Overseer  
  182  8:39  Seismic Spines  
  182  8:42  Hydralisk x6  
  194  8:52  Drone x4  
  194  8:53  Spine Crawler  
  194  8:54  Hatchery, Spine Crawler  
  195  8:57  Drone x3  
  195  8:58  Drone  
  195  8:59  Spine Crawler  
  195  9:02  Spine Crawler  
  197  9:09  Overseer x2  
  197  9:11  Lurker x3  
  199  9:30  Spine Crawler, Hydralisk, Evolution Chamber  
  199  9:31  Spine Crawler x2  
  199  9:36  Muscular Augments  
  197  9:51  Hatchery  
  185  10:23  Hydralisk x7  
  185  10:26  Zerg Melee Weapons Level 1, Adrenal Glands  
  185  10:28  Adaptive Talons, Zerg Ground Armor Level 1  
  198  10:40  Drone x3, Spine Crawler x2  
  198  10:41  Hatchery, Spire  
  193  10:45  Spire  
  169  11:00  Hydralisk, Overlord x3  
  169  11:01  Hydralisk x5  
  163  11:05  Drone x7  
  168  11:14  Spore Crawler  
  168  11:15  Spore Crawler x3  
  168  11:16  Zergling x24  
  154  11:22  Lurker x8  
  148  11:29  Drone x10  
  148  11:30  Drone x3  
  155  11:38  Zergling x16  
  160  11:54  Corruptor x6  
  168  12:04  Zerg Flyer Weapons Level 1  
  168  12:05  Zerg Flyer Armor Level 1  
  166  12:10  Corruptor x4  
  165  12:25  Drone x3  
  165  12:26  Drone x2  
  165  12:28  Corruptor x3  
  176  12:32  Spore Crawler x2  
  174  12:40  Lurker x5  
  174  12:41  Lurker  
  174  12:42  Drone x4  
  174  12:43  Extractor x2  
  182  12:45  Spore Crawler  
  182  12:49  Spore Crawler  
  169  13:17  Drone x3  
  169  13:18  Drone  
  169  13:19  Overlord x4  
  173  13:21  Zerg Ground Armor Level 2, Zerg Melee Weapons Level 2  
  173  13:35  Spore Crawler x3  
  173  13:37  Spore Crawler x2  
  173  13:38  Hatchery  
  173  13:41  Zergling x18  
  174  13:53  Corruptor x8  
  190  14:00  Infestor x2  
  194  14:03  Infestor  
  190  14:17  Zerg Flyer Armor Level 2, Greater Spire  
  190  14:22  Zergling x14  
  197  14:34  Overseer x5  
  197  14:44  Corruptor x2  
  199  14:47  Overlord  
  197  15:17  Spore Crawler x2  
  197  15:18  Spore Crawler  
  197  15:20  Spore Crawler  
  197  15:21  Spore Crawler x2  
  189  15:22  Spore Crawler x3  
  181  15:41  Brood Lord x7  
  176  15:57  Corruptor  
  176  15:58  Corruptor x2  
  176  15:59  Infestor x2  
  176  16:03  Drone x3  
  188  16:10  Viper x2  
  194  16:11  Zerg Melee Weapons Level 3, Zerg Ground Armor Level 3  
  194  16:12  Zerg Flyer Weapons Level 2  
  194  16:20  Spore Crawler  
  194  16:21  Spore Crawler  
  194  16:22  Spore Crawler x2  
  194  16:23  Spore Crawler  
  194  16:24  Spore Crawler x3  
  186  16:29  Queen x3  
  192  16:33  Pathogen Glands  
  192  16:34  Zerg Flyer Armor Level 3  
  192  16:35  Extractor  
  192  16:38  Extractor  
  190  16:40  Queen x2  
  190  16:42  Corruptor  
  196  17:05  Queen  
  196  17:06  Burrow  
  198  17:12  Corruptor  
  200  17:34  Spine Crawler x2  
  200  17:35  Spine Crawler  
  191  18:06  Zergling x18  
  200  18:33  Drone  
  200  18:34  Drone  
  195  19:13  Corruptor x3  
  193  19:30  Infestor x4  
  193  19:31  Infestor  
  175  19:43  Corruptor x9  
  179  19:50  Corruptor x9  
  183  20:00  Corruptor x3  
  189  20:19  Hatchery, Brood Lord  
  189  20:44  Brood Lord x2  
  189  20:46  Viper x3  
  196  21:03  Zergling x8  
Show
View Real Time Build Order
Export as new Build Order

PtitDrogo Protoss 

Build Orders: 1 Gate Expand, Oracle Opening, Carriers 

Get SALT Encoding   

  12  0:00  Probe  
  13  0:12  Probe  
  14  0:20  Pylon  
  14  0:24  Probe  
  15  0:38  Probe (Chrono Boost)  
  15  0:39  Gateway  
  16  0:47  Probe (Chrono Boost)  
  16  0:49  Assimilator  
  17  0:52  Probe  
  18  1:04  Probe  
  19  1:16  Probe  
  20  1:27  Nexus  
  20  1:37  Cybernetics Core  
  20  1:40  Probe  
  21  1:48  Assimilator  
  21  1:52  Probe  
  22  1:56  Pylon  
  22  2:04  Probe  
  23  2:11  Adept (Chrono Boost)  
  25  2:16  Probe  
  25  2:19  Stargate  
  26  2:26  Warp Gate  
  26  2:29  Probe (Chrono Boost)  
  27  2:31  Adept (Chrono Boost)  
  29  2:39  Probe (Chrono Boost)  
  31  2:46  Probe (Chrono Boost)  
  31  2:49  Probe (Chrono Boost)  
  32  2:53  Probe (Chrono Boost)  
  32  2:54  Adept  
  32  2:56  Probe  
  36  3:03  Oracle (Chrono Boost)  
  36  3:05  Probe  
  37  3:08  Probe  
  37  3:12  Pylon  
  41  3:19  Gateway  
  41  3:21  Probe  
  41  3:23  Probe  
  43  3:32  Pylon  
  43  3:34  Probe, Oracle (Chrono Boost)  
  44  3:35  Probe  
  48  3:48  Probe x2  
  50  3:56  Nexus  
  50  4:00  Probe x2  
  52  4:04  Oracle  
  55  4:10  Assimilator  
  55  4:13  Probe, Assimilator  
  55  4:14  Probe  
  55  4:16  Pylon  
  57  4:20  Adept  
  57  4:23  Adept  
  61  4:25  Probe  
  61  4:27  Probe  
  59  4:37  Probe  
  60  4:39  Probe  
  60  4:45  Twilight Council, Forge  
  61  4:49  Probe  
  61  4:51  Probe  
  61  4:52  Pylon  
  63  4:57  Sentry x2  
  67  5:00  Shield Battery  
  67  5:02  Probe  
  67  5:03  Probe  
  69  5:09  Probe  
  69  5:12  Protoss Ground Weapons Level 1 (Chrono Boost)  
  69  5:13  Gateway, Blink  
  69  5:14  Probe  
  71  5:15  Gateway  
  68  5:32  Gateway  
  68  5:33  Gateway  
  69  5:35  Probe x2  
  69  5:36  Probe  
  69  5:38  Sentry x2  
  69  5:40  Pylon  
  75  5:45  Robotics Facility  
  75  5:48  Probe (Chrono Boost)  
  78  5:52  Probe x2 (Chrono Boost)  
  79  5:58  Probe (Chrono Boost), Pylon  
  79  6:02  Probe x2 (Chrono Boost)  
  79  6:03  Probe (Chrono Boost)  
  81  6:04  Stalker x2  
  81  6:08  Assimilator  
  86  6:11  Assimilator  
  86  6:12  Probe x2  
  86  6:14  Probe  
  89  6:19  Gateway  
  89  6:21  Gateway  
  89  6:24  Probe x2, Photon Cannon  
  91  6:26  Probe  
  91  6:29  Pylon  
  92  6:36  Probe  
  92  6:39  Observer (Chrono Boost)  
  94  6:41  Nexus  
  94  6:46  Pylon, Stalker  
  96  6:51  Warp Prism (Chrono Boost)  
  98  6:54  Stalker x2  
  98  6:55  Stalker  
  98  7:01  Probe  
  105  7:04  Pylon, Robotics Bay  
  105  7:06  Robotics Facility  
  105  7:07  Charge  
  105  7:10  Stalker x2  
  105  7:11  Probe  
  105  7:12  Protoss Ground Weapons Level 2 (Chrono Boost)  
  110  7:15  Stalker  
  110  7:22  Probe x2  
  114  7:23  Probe  
  114  7:25  Photon Cannon  
  115  7:34  Probe  
  116  7:38  Observer, Probe  
  116  7:44  Probe  
  118  7:46  Probe  
  118  7:47  Templar Archives  
  118  7:51  Photon Cannon  
  119  7:52  Probe, Photon Cannon  
  119  7:53  Disruptor x2 (Chrono Boost)  
  119  7:54  Shield Battery  
  119  7:55  Photon Cannon  
  119  7:56  Zealot x2  
  130  8:02  Probe, Assimilator  
  130  8:03  Probe, Assimilator  
  132  8:08  Probe x2  
  134  8:14  Gateway  
  134  8:15  Gateway  
  134  8:16  Pylon  
  134  8:26  Disruptor x2 (Chrono Boost)  
  140  8:45  Pylon  
  140  8:48  Fleet Beacon  
  140  8:50  Stargate  
  140  8:51  Shield Battery  
  140  8:52  Disruptor x2 (Chrono Boost)  
  140  8:53  Stargate  
  146  8:58  High Templar x2  
  150  9:04  Protoss Air Weapons Level 1 (Chrono Boost)  
  150  9:06  Archon  
  150  9:12  Zealot x6  
  150  9:13  Zealot  
  164  9:17  Pylon x2  
  164  9:19  Nexus, Pylon x2  
  164  9:21  Pylon  
  162  9:29  Pylon  
  162  9:31  Carrier (Chrono Boost)  
  177  9:40  Zealot  
  177  9:41  Carrier x2 (Chrono Boost)  
  177  9:53  Observer x2, Zealot x3  
  177  9:54  Zealot x6  
  197  10:03  High Templar  
  194  10:20  Carrier (Chrono Boost)  
  178  10:23  High Templar x2  
  174  10:29  Probe  
  174  10:30  Carrier (Chrono Boost), Zealot x7  
  172  10:51  Archon  
  172  10:55  Stalker x3  
  172  10:56  Zealot x7  
  176  11:03  Mothership  
  186  11:06  Disruptor  
  186  11:11  Carrier (Chrono Boost)  
  189  11:15  Disruptor  
  170  11:27  Zealot x3  
  176  11:34  Carrier  
  176  11:39  High Templar x2, Zealot  
  188  11:40  Zealot x2  
  186  11:47  Zealot x4  
  186  11:52  Nexus, Zealot  
  196  11:54  Pylon  
  196  12:03  Psionic Storm  
  186  12:27  Photon Cannon  
  186  12:28  Photon Cannon  
  186  12:31  Photon Cannon  
  186  12:33  Photon Cannon  
  186  12:35  Shield Battery  
  186  12:37  Assimilator  
  186  12:41  Probe x2, Protoss Ground Weapons Level 3 (Chrono Boost)  
  186  12:42  Assimilator  
  188  12:44  Photon Cannon  
  188  12:47  Photon Cannon  
  188  12:52  Zealot x6  
  188  12:53  Zealot  
  196  13:03  Flux Vanes  
  188  13:08  Void Ray x3  
  163  13:17  Stargate  
  175  13:20  Stargate  
  175  13:21  Stargate  
  175  13:23  Probe  
  174  13:34  High Templar x3  
  174  13:35  High Templar x3, Nexus  
  174  13:37  Pylon  
  174  13:38  Protoss Air Weapons Level 2 (Chrono Boost)  
  186  13:42  Void Ray (Chrono Boost)  
  186  13:45  Void Ray x2 (Chrono Boost)  
  198  13:57  Cybernetics Core  
  194  14:13  Photon Cannon  
  194  14:15  Photon Cannon  
  194  14:16  Photon Cannon  
  194  14:18  Oracle x2, Shield Battery  
  194  14:22  Assimilator  
  198  14:46  Zealot  
  198  14:50  Assimilator  
  200  14:58  Dark Shrine  
  198  15:04  Photon Cannon  
  198  15:08  Photon Cannon  
  198  15:11  Photon Cannon  
  198  15:12  Protoss Air Armor Level 1 (Chrono Boost)  
  198  15:13  Observer (Chrono Boost)  
  200  15:15  Shield Battery  
  200  15:21  Observer (Chrono Boost)  
  200  15:25  Protoss Shields Level 1  
  200  15:37  Archon  
  193  15:46  Void Ray (Chrono Boost)  
  186  15:55  Void Ray x3 (Chrono Boost)  
  190  16:00  Void Ray x2 (Chrono Boost)  
  189  16:23  High Templar x5  
  199  16:26  Nexus  
  199  16:30  Warp Prism (Chrono Boost), Pylon  
  199  16:33  Pylon  
  199  16:34  Nexus, Assimilator  
  199  16:38  Assimilator  
  197  16:53  Zealot  
  197  16:54  Photon Cannon  
  199  16:55  Photon Cannon  
  199  16:57  Photon Cannon  
  199  16:58  Shield Battery  
  195  17:29  Zealot x2  
  199  17:40  Void Ray x2 (Chrono Boost)  
  170  17:59  Carrier x3 (Chrono Boost)  
  176  18:05  Zealot x2  
  176  18:06  Zealot x8  
  176  18:09  Carrier (Chrono Boost)  
  194  18:26  Protoss Shields Level 2  
  198  18:27  Warp Prism (Chrono Boost)  
  198  18:28  Carrier (Chrono Boost)  
  198  18:33  Carrier (Chrono Boost)  
  200  18:36  Protoss Air Armor Level 2 (Chrono Boost)  
  200  18:37  Protoss Air Weapons Level 3 (Chrono Boost)  
  190  18:48  Nexus  
  190  18:50  Observer  
  190  18:51  Pylon  
  190  18:53  Oracle (Chrono Boost), Carrier (Chrono Boost)  
  200  19:04  Nexus, Zealot x2  
  178  19:27  Oracle  
  178  19:28  Carrier x2 (Chrono Boost)  
  178  19:29  Zealot x5  
  172  19:37  Carrier (Chrono Boost)  
  146  19:42  Stalker x3  
  148  19:49  Void Ray (Chrono Boost)  
  113  20:22  High Templar x3  
  113  20:23  High Templar x3  
  113  20:26  Archon  
  113  20:27  Archon x2  
  120  20:50  High Templar x4  
  120  20:54  Archon x2  
Tags
 
Add a new tag
Caveats
  • Supply blocks, unpowered buildings, or Contaminate may cause inaccurate times.
  • Supply counts are checked every 10 seconds.